 Dungeon Crawl Stone Soup version 0.29.1-2-gbd0b4ee654 (webtiles) character file.

Game seed: 11353521287264573344

816 xian the Magician (level 8, -8/53 HPs)
             Began as a Djinni Venom Mage on Oct 26, 2022.
             Was an Initiate of Makhleb.
             Mangled by a wight
             ... wielding a +0 battleaxe
              (13 damage)
             ... on level 5 of the Dungeon.
             The game lasted 00:18:00 (5052 turns).

xian the Magician (Djinni Venom Mage)               Turns: 5052, Time: 00:18:00

Health: -8/53      AC:  6    Str: 13    XL:     8   Next: 16%
Gold:   316        EV: 12    Int: 20    God:    Makhleb [......] SH:  0 Dex: 13

rFire   + + .      SeeInvis .   q - +2 scythe (vorpal)
rCold   x . .      Faith    .   (shield currently unavailable)
rNeg    . . .      Spirit   .   s - +0 troll leather armour {Pargi}
rPois   ∞          Reflect  .   t - +0 helmet
rElec   .          Harm     .   (no cloak)
rCorr   .          Rampage  .   C - +0 pair of gloves
Will    +....                   (boots unavailable)
Stlth   ++........              k - amulet of regeneration
HPRegen 1.77/turn               d - +6 ring of strength
MPRegen 0.00/turn               m - ring of willpower

@: flying
A: sickness immunity, fire resistance 2, cold vulnerability 1, float, innate
caster, HP casting, extra vitality 1
a: Renounce Religion


You were on level 5 of the Dungeon.
You worshipped Makhleb.
Makhleb was noncommittal.
You visited 2 branches of the dungeon, and saw 6 of its levels.

You collected 316 gold pieces.

Inventory:

Hand Weapons
 a - a +2 dagger of pain
 q - a +2 vorpal scythe (weapon)
Missiles
 B - 4 poisoned darts
Armour
 s - a +0 troll leather armour (worn) {Pargi}
 t - a +0 helmet (worn)
 v - a +0 kite shield
 C - a +0 pair of gloves (worn)
Jewellery
 d - a +6 ring of strength (left hand)
 k - an amulet of regeneration (around neck)
 m - a ring of willpower (right hand)
Wands
 c - a wand of charming (4)
 j - a wand of roots (7)
Scrolls
 e - a scroll of enchant weapon {unknown}
 g - a scroll of teleportation {unknown}
 i - 2 scrolls of identify {unknown}
 o - a scroll of butterflies {unknown}
 u - a scroll of summoning {unknown}
 w - 2 scrolls of noise {unknown}
 x - 4 scrolls of magic mapping {unknown}
 y - a scroll of vulnerability {unknown}
Potions
 b - 3 potions of lignification {unknown}
 f - 2 potions of curing
 h - a potion of brilliance {unknown}
 l - 4 potions of flight {unknown}
 n - a potion of cancellation {unknown}
 p - 2 potions of attraction {unknown}
 r - a potion of haste {unknown}
 z - a potion of degeneration {unknown}
 A - a potion of berserk rage {unknown}


   Skills:
 + Level 1.7 Fighting
 + Level 0.9 Short Blades
 + Level 0.2 Polearms
 + Level 1.5 Armour
 + Level 3.2 Dodging
 + Level 2.2 Stealth
 * Level 1.3 Shields
 + Level 5.9 Spellcasting
 * Level 0.6 Evocations


You had 2 spell levels left.
You knew the following spells:

 Your Spells              Type           Power      Damage    Failure   Level
a - Sting                 Tmut/Pois      100%       1d8       1%          1
b - Poisonous Vapours     Pois/Air       58%        N/A       1%          2
c - Mephitic Cloud        Conj/Pois/Air  29%        N/A       3%          3
d - Olgreb's Toxic Radia  Pois           29%        N/A       12%         4
e - Slow                  Hex            100%       N/A       1%          1
f - Passwall              Tmut/Erth      24%        N/A       1%          2
g - Teleport Other        Tloc           29%        N/A       3%          3
Your spell library was empty.

Dungeon Overview and Level Annotations

Branches:
Dungeon (5/15)             Temple (1/1) D:4

Altars:
Ashenzari
Cheibriados
Dithmenos
Fedhas
Hepliaklqana
Makhleb
Nemelex Xobeh
Qazlal
Ru
Trog
Uskayaw
Yredelemnul
The Shining One

Annotations:
D:5 Menkaure


Innate Abilities, Weirdness & Mutations

You are immune to sickness and miasma.
You are immune to poison.
Your flesh is very heat resistant. (rF++)
You are vulnerable to cold. (rC-)
You float through the air rather than walking.
You learn spells naturally, not from books.
Your magical power is your life essence.
You have superior vitality. (+4 MHP)


Message History

The stinking cloud engulfs the wight but does no damage.
The wight is almost destroyed.
The stinking cloud engulfs the ogre but does no damage.
The stinking cloud engulfs you but does no damage.
The gnoll shouts!
* * * LOW HITPOINT WARNING * * *
You hear a shout! x2
The ogre is engulfed in noxious fumes.
The gnoll is engulfed in noxious fumes.
The gnoll appears confused.
The gnoll barely misses you. The wight hits you with a +0 battleaxe.
* * * LOW HITPOINT WARNING * * *
Unknown command.
You puncture the gnoll!
The gnoll is severely wounded.
A gnoll comes into view. It is wielding a +0 spear.
The wight barely misses you.
The gnoll is engulfed in noxious fumes.
The gnoll appears confused.
The gnoll hits you with a +0 flail.
* * * LOW HITPOINT WARNING * * *
The white imp grins evilly.
The ogre barely misses the gnoll.
The ogre hits itself with a +0 giant club!
It was a potion of curing.
You feel better.
The gnoll is engulfed in noxious fumes.
The gnoll appears confused.
The gnoll closely misses you.
The gnoll hits itself with a +0 flail!
The gnoll is killed!
Makhleb accepts your kill. The wight misses you.
The gnoll is engulfed in noxious fumes.
The gnoll appears confused.
The gnoll hits the gnoll with a +0 club!
The wight hits you with a +0 battleaxe!
* * * LOW HITPOINT WARNING * * *
The gnoll hits you from afar with a +0 spear.
* * * LOW HITPOINT WARNING * * *
Items here: ))) [ †.
You feel better. The gnoll barely misses you.
The wight hits you with a +0 battleaxe.
* * * LOW HITPOINT WARNING * * *
The ogre shouts, "NO!"
The wight attacks as you move away! The wight hits you with a +0 battleaxe!
You die...

.......# ......#
<.o..# ### ...o
#.. .5M #.# #.#
#.# # #5#### #.#
#. #z{z.# #<#
##.#####@###.#
#.......g<...#
#>.....†Og######
#.......)......#
#........#####.#
#....)....#
#............#
#........###....
#........# ##.


You could see an ogre (confused), 2 wights, 2 gnolls and a white imp.

Vanquished Creatures
  Sigmund (D:2)
  Pargi (D:3)
  A scorpion (D:5)
  2 wights (D:5)
  2 orc priests
  Ijyb (D:3)
  An orc wizard (D:3)
  Terence (D:2)
  Robin (D:3)
  6 gnolls
  8 adders
  2 worms
  4 dart slugs
  4 orcs
  5 ball pythons
  8 endoplasms
  7 giant cockroaches
  15 goblins
  9 hobgoblins
  9 jackals (D:3)
  3 quokkas
  4 bats
  4 frilled lizards
  13 kobolds
  4 rats
116 creatures vanquished.

Notes
Turn   | Place    | Note
-------+----------+-------------------------------------------
     0 | D:1      | xian the Djinni Venom Mage began the quest for the Orb.
     0 | D:1      | xian set off with the following spells memorised: Sting,
                  | Poisonous Vapours, Mephitic Cloud, Olgreb's Toxic Radiance.
     0 | D:1      | Reached XP level 1. HP: 15/15 MP: 0/0
   145 | D:1      | Reached XP level 2. HP: 12/21 MP: 0/0
   527 | D:1      | Reached skill level 3 in Spellcasting
   706 | D:1      | Reached XP level 3. HP: 21/25 MP: 0/0
   706 | D:1      | Learned a level 1 spell: Slow
  1586 | D:2      | Reached XP level 4. HP: 22/31 MP: 0/0
  1735 | D:2      | Found a faded altar of an unknown god.
  1948 | D:2      | Found a burning altar of Makhleb.
  1950 | D:2      | Noticed Terence
  1958 | D:2      | HP: 1/31 [constriction (6)]
  1959 | D:2      | Killed Terence
  2432 | D:2      | Reached skill level 1 in Fighting
  2586 | D:2      | Reached XP level 5. HP: 29/37 MP: 0/0
  2586 | D:2      | Learned a level 2 spell: Passwall
  2627 | D:2      | Noticed Sigmund
  2635 | D:2      | Killed Sigmund
  2636 | D:2      | Reached skill level 4 in Spellcasting
  2636 | D:2      | Reached XP level 6. HP: 25/42 MP: 0/0
  2779 | D:3      | Noticed Pargi
  2796 | D:3      | Killed Pargi
  2797 | D:3      | Reached skill level 5 in Spellcasting
  2797 | D:3      | Reached XP level 7. HP: 21/47 MP: 0/0
  2797 | D:3      | Learned a level 3 spell: Teleport Other
  2984 | D:3      | Found a shadowy altar of Dithmenos.
  3021 | D:3      | Noticed Robin
  3031 | D:3      | Killed Robin
  3130 | D:3      | Noticed Ijyb
  3150 | D:3      | Killed Ijyb
  3918 | D:4      | Identified the +1 leather armour of Focus {rCorr}
  4018 | D:4      | Found a staircase to the Ecumenical Temple.
  4037 | Temple   | Entered the Ecumenical Temple
  4106 | Temple   | Became a worshipper of Makhleb the Destroyer
  4374 | D:4      | Reached skill level 1 in Armour
  4990 | D:5      | Entered Level 5 of the Dungeon
  5000 | D:5      | Reached skill level 1 in Shields
  5027 | D:5      | Noticed Menkaure
  5034 | D:5      | Reached XP level 8. HP: 46/53 MP: 0/0
  5050 | D:5      | HP: 1/53 [gnoll/+0 spear (4)]
  5052 | D:5      | Mangled by a wight

Illustrated notes

Levels and vault maps discovered:
D:1:      lemuel_arrival_room, layout_basic, minmay_misc_feat_cross,
          dreamdust_princess_bridge
D:2:      layout_loops_cross, basic_altar, chequers_ecumenical_altar_island,
          minmay_heptomino_d4, uniq_sigmund, uniq_terence
D:3:      layout_loops_corners, chequers_temple_overflow_statue_of_worship,
          uniq_pargi, uniq_ijyb, uniq_robin
D:4:      mumra_celtic_spiral_tile, layout_loops_ring,
          minmay_temple_entry_proselytizer, serial_glass, glass_columns_a,
          glass_columns_a, glass_columns_b, glass_columns_c, glass_columns_a,
          glass_columns_a, hangedman_decor_diamond_cutter
D:5:      layout_rooms, mainiacjoe_overflow_alcove_2, lemuel_flamethrower_2,
          uniq_crazy_yiuf_cottage, uniq_menkaure
Temple:   nicolae_temple_ecumenical_triangle

Skill      XL: |  1  2  3  4  5  6  7 |
---------------+----------------------+-----
Spellcasting   | 3 4 5 |  5.9
Fighting       | 1 |  1.7
Dodging        | 3 |  3.2
Stealth        | 2 |  2.2
Armour         | 1 |  1.5
Shields        | 1 |  1.3
Short Blades   | |  0.9
Polearms       | |  0.2
Evocations     | |  0.6

Action                   |  1- 3 |  4- 6 |  7- 9 || total
-------------------------+-------+-------+-------++-------
Melee: Unarmed           |     4 |       |       ||     4
       Dagger            |    27 |    12 |     1 ||    40
       Halberd           |       |       |    32 ||    32
 Cast: Sting             |    52 |    47 |   114 ||   213
       Poisonous Vapours |       |     2 |     9 ||    11
       Mephitic Cloud    |       |     2 |    12 ||    14
  Use: Potion            |       |       |     2 ||     2
 Stab: Confused          |       |       |     1 ||     1
Armor: Robe              |     7 |    11 |       ||    18
       Troll leather arm |       |       |    20 ||    20
Dodge: Dodged            |    19 |    14 |    60 ||    93
